 Dungeon Crawl Stone Soup version 0.18-a0-1805-g8ab820f (webtiles) character file.

483 M4edhros the Poker (level 6, -1/47 HPs)
             Began as a Mummy Chaos Knight on Apr 26, 2016.
             Killed by an exploding ball lightning (31 damage)
             ... created by the player character
             ... on level 4 of the Dungeon.
             The game lasted 00:04:42 (4055 turns).

M4edhros the Poker (Mummy Chaos Knight)             Turns: 4055, Time: 00:04:43

Health: -1/47      AC:  7    Str: 15    XL:     6   Next: 87%
Magic:  6/6        EV: 10    Int: 12    God:    Xom [...*..]
Gold:   255        SH:  0    Dex: 13    Spells: 0 memorised, 5 levels left

rFire  x . .     SeeInvis .     a - +0 spear (chaos)
rCold  + . .     Gourm    .     k - +0 ring mail {MR+}
rNeg   + + +     Faith    .     (no shield)
rPois  ∞         Spirit   .     m - +0 helmet
rElec  .         Dismiss  .     (no cloak)
rCorr  .         Reflect  .     p - +0 pair of gloves
SustAt .         Harm     .     (no boots)
MR     +....                    (no amulet)
Stlth  +.........               (no ring)
                                f - ring of flight

@: somewhat resistant to hostile enchantments, very unstealthy
A: no food or potions, fire vulnerability, cold resistance 1, negative energy
resistance 3, torment resistance, unbreathing
a: Renounce Religion, Evoke Flight


You were on level 4 of the Dungeon.
You worshipped Xom.
You were a favourite toy of Xom.
You were not hungry.

You visited 1 branch of the dungeon, and saw 5 of its levels.

You collected 255 gold pieces.

Inventory:

Hand Weapons
 a - a +0 spear of chaos (weapon)
 c - a +3 whip
 d - a +1 spear of venom
 r - a -2 hunting sling
 s - the +3 dagger "M4edhros's Foe" {freeze, rN+++ Int+4}
   (You found it on level 4 of the Dungeon)

   It has been specially enchanted to freeze those struck by it, causing extra
   injury to most foes and up to half again as much damage against particularly
   susceptible opponents.
   It can also slow down cold-blooded creatures.
   It affects your intelligence (+4).
   It renders you almost immune to negative energy.
Missiles
 e - 150 stones (quivered)
 h - 11 curare-tipped needles
Armour
 b - a +2 leather armour
 k - a +0 ring mail of magic resistance (worn)
 m - a +0 helmet (worn)
 p - a +0 pair of gloves (worn)
Jewellery
 f - a ring of flight (left hand)
Scrolls
 g - a scroll of remove curse
 i - 4 scrolls of identify
 l - a scroll of enchant weapon {unknown}
 n - a scroll of teleportation {unknown}
 o - a scroll of fog {unknown}
 q - a scroll of magic mapping {unknown}


   Skills:
 - Level 3.0 Fighting
 - Level 5.6 Polearms
 * Level 3.0 Slings
 - Level 1.5 Armour
 - Level 0.7 Dodging


You had 5 spell levels left.
You didn't know any spells.

Dungeon Overview and Level Annotations

Branches:
Dungeon (5/15)
 Temple: D:4-7

Altars:
Elyvilon
Fedhas
Xom

Annotations:
D:5 SkaryMonk's ghost, novice OpCj


Innate Abilities, Weirdness & Mutations

You do not eat or drink.
Your flesh is vulnerable to fire.
You are immune to poison.
Your flesh is cold resistant.
You are immune to negative energy.
You are immune to unholy pain and torment.
You can survive without breathing.


Message History

The phantom is lightly damaged.
Xom plays with reality for a moment.
You create some ball lightning!
You are now a favourite toy of Xom.
Xom is highly amused!
The phantom hits itself.
Attack whom?
Press: ? - help, Dir - move target cursor, f/p - phantom
Aim: a phantom (moderately damaged, confused)
You reach to attack!
You catch the helpless phantom completely off-guard!
You hit the phantom but do no damage.
The phantom seems to slow down.
The phantom is moderately damaged.
The phantom seems less confused.
Your ball lightning explodes!
The blast of lightning engulfs your ball lightning.
Your ball lightning completely resists.
The blast of lightning engulfs you!
Ouch! That really hurt!
You die...
Xom guffaws!

.# #.# .. .#####.# ####.# ##
.......# #....## ... .#######
Z##.....##.. †# #####
#####.........#. .# .# #...##
##...*.......# #.#.## ###
#.##.###......W..%..###.#.. ..#
#%###.#.#.................# #.#
.# ##.##..@.....(.####...# #.# .#
#...._........## #...# #.####.#
####.......?...###...## #......#
#.........#.........
##############...%.........#.#.##
.O................)##.####.##..#
###.##.###########.##.# #.###.#
.....#.# #..##.####.# #.#
###.##.# #######.###......# #.##


You could see a phantom and a friendly ball lightning.

Vanquished Creatures
  An ogre (D:4)
  An orc priest (D:3)
  An iguana (D:4)
  An orc wizard (D:4)
  4 worker ants
  A hound skeleton (D:4)
  Robin (D:3)
  9 adders
  An adder skeleton (D:4)
  2 worms
  2 dart slugs
  5 giant geckos
  12 orcs
  A ball python (D:1)
  5 giant cockroaches
  10 goblins
  11 hobgoblins
  2 jackals (D:5)
  11 kobolds
  A quokka (D:4)
  7 bats
  2 giant newts (D:3)
  A quokka skeleton (D:4)
  7 rats
99 creatures vanquished.

Notes
Turn   | Place    | Note
--------------------------------------------------------------
     0 | D:1      | M4edhros the Mummy Chaos Knight began the quest for the Orb.
     0 | D:1      | Reached XP level 1. HP: 18/18 MP: 1/1
    85 | D:1      | Reached XP level 2. HP: 22/24 MP: 2/2
   138 | D:1      | Reached skill level 3 in Polearms
   698 | D:2      | Reached XP level 3. HP: 20/29 MP: 3/3
   769 | D:2      | XOM: mild Conj miscast
   952 | D:3      | XOM: divination: detect items
   954 | D:3      | XOM: enchant monster (bad)
  1170 | D:2      | XOM: god gift: scroll labeled KUMMED NOGIJAR
  1204 | D:2      | Reached skill level 4 in Polearms
  1310 | D:2      | Reached XP level 4. HP: 35/35 MP: 4/4
  1340 | D:2      | XOM is BORED!
  1340 | D:2      | XOM: confusion (+ monsters)
  1344 | D:2      | XOM: butterfly on damage
  2328 | D:3      | Reached XP level 5. HP: 37/41 MP: 5/5
  2339 | D:3      | XOM: god gift: shiny ring mail {god gift}
  2417 | D:3      | Reached skill level 5 in Polearms
  2430 | D:3      | Noticed Robin
  2443 | D:3      | Killed Robin
  2542 | D:3      | XOM: divination: magic mapping
  2634 | D:3      | Found a blossoming altar of Fedhas.
  3197 | D:4      | XOM: scenery: create altars
  3215 | D:4      | Found a white marble altar of Elyvilon.
  3252 | D:4      | Reached XP level 6. HP: 47/47 MP: 6/6
  3375 | D:4      | Got a bloodstained dagger
  3376 | D:4      | Identified the +3 dagger "M4edhros's Foe" {freeze, rN+++ Int+4} (You found it on level 4 of the Dungeon)
  3409 | D:4      | XOM: scenery: create altars
  3417 | D:4      | XOM: divination: detect creatures
  3429 | D:4      | XOM: enchant monster (good)
  3471 | D:4      | XOM: enchant monster (good)
  3472 | D:5      | Entered Level 5 of the Dungeon
  3503 | D:5      | Noticed SkaryMonk's ghost (novice OpCj)
  3503 | D:5      | XOM: summons 3 hostile demons
  3504 | D:5      | Noticed a hellwing
  3505 | D:5      | XOM: mild Conj miscast
  3607 | D:4      | Reached skill level 1 in Slings
  3997 | D:4      | XOM: divination: detect items
  4035 | D:4      | XOM: confuse monster(s)
  4053 | D:4      | XOM: cast spell 'Conjure Ball Lightning'
  4055 | D:4      | Killed by an exploding ball lightning

Vault maps used:
D:1:      onia_arrival_handbag
D:2:      first_bread, minmay_misc_feat_cross
D:3:      fedhas_altar_fruit_tree, uniq_robin
D:4:      marbit_many_paths, zin_academy, grunt_ministairs_11
D:5:      minmay_temple_entry_water_ring, serial_shops, shop, minivault_24,
          minmay_divided_ellipse

Skill      XL: |  1  2  3  4  5  6 |
---------------+-------------------+-----
Polearms       | 3 4 5 |  5.6
Slings         | 3 |  3.0
Fighting       | |  3.0
Armour         | |  1.5
Dodging        | |  0.7

Action                   |  1- 3 |  4- 6 || total
-------------------------+-------+-------++-------
Melee: Spear             |    28 |   247 ||   275
       Whip              |   128 |       ||   128
       Dagger            |       |     3 ||     3
  Use: Scroll            |     2 |     3 ||     5
 Stab: Confused          |       |     1 ||     1
Armor: Leather armour    |    50 |    16 ||    66
       Ring mail         |       |    42 ||    42
Dodge: Dodged            |   109 |    64 ||   173
